 Dungeon Crawl Stone Soup version 0.23.2-1-ga50397a (webtiles) character file.

Game seed: 1432056791258521139

29395 Bluemoon111 the Geomancer (level 13, -8/78 HPs)
             Began as a Gargoyle Earth Elementalist on May 30, 2019.
             Was an Elder of Vehumet.
             Killed from afar by a frost giant (13 damage)
             ... with a bolt of cold
             ... in an ice cave.
             The game lasted 01:13:23 (16861 turns).

Bluemoon111 the Geomancer (GrEE)                   Turns: 16861, Time: 01:13:24

Health: -8/78      AC: 21    Str: 14    XL:     13   Next: 45%
Magic:  4/25       EV: 21    Int: 19    God:    Vehumet [****..]
Gold:   623        SH:  0    Dex: 15    Spells: 6/29 levels left

rFire    x . .     SeeInvis .   x - +0 mace (protect)
rCold    + + .     Gourm    .   (no shield)
rNeg     + . .     Faith    .   B - +0 robe {MR+}
rPois    ∞         Spirit   .   V - +2 helmet
rElec    +         Reflect  .   U - +1 cloak {rPois}
rCorr    .         Harm     .   a - +1 pair of gloves
MR       +....                  i - +0 pair of boots
Stlth    +++.......             (no amulet)
HPRegen  0.23/turn              l - ring of protection from cold
MPRegen  0.19/turn              o - ring of ice

@: agile, flying, very slightly contaminated
A: negative energy resistance 1, electricity resistance, unbreathing,
petrification resistance, rot immunity, AC +9
a: Renounce Religion


You were in an ice cave.
You worshipped Vehumet.
Vehumet was greatly pleased with you.
You were hungry.

You visited 3 branches of the dungeon, and saw 15 of its levels.
You also visited: Ossuary and Ice Cave.

You collected 754 gold pieces.
You spent 131 gold pieces at shops.

Inventory:

Hand Weapons
 m - a +0 morningstar
 x - a +0 mace of protection (weapon)
 Y - a +1 hand axe of flaming
Armour
 a - a +1 pair of gloves (worn)
 h - a +0 shield
 i - a +0 pair of boots (worn)
 B - a +0 robe of magic resistance (worn)
 Q - a scarf of spirit shield
 T - a +0 leather armour of fire resistance
 U - a +1 cloak of poison resistance (worn)
 V - a +2 helmet (worn)
Magical Staves
 g - an uncursed staff of poison
Jewellery
 l - a ring of protection from cold (left hand)
 o - a ring of ice (right hand)
 C - an uncursed ring of magical power
Wands
 f - a wand of flame (19)
 t - a wand of disintegration (29)
 G - a wand of enslavement (5)
 Z - a wand of iceblast (10)
Scrolls
 k - 4 scrolls of identify
 q - 2 scrolls of magic mapping
 r - a scroll of summoning {unknown}
 s - a scroll of enchant weapon {unknown}
 w - 4 scrolls of amnesia
 y - 7 scrolls of remove curse
 H - a scroll of enchant armour
 J - a scroll of fear {unknown}
 K - 7 scrolls of teleportation
 N - a scroll of blinking {unknown}
 R - a scroll of silence {unknown}
 S - 2 scrolls of torment {unknown}
Potions
 c - a potion of lignification {unknown}
 e - 4 potions of brilliance
 j - a potion of magic {unknown}
 n - a potion of cancellation {unknown}
 p - 3 potions of flight
 u - a potion of haste {unknown}
 v - a potion of agility
 A - 2 potions of mutation
 F - a potion of degeneration {unknown}
 L - a potion of ambrosia {unknown}
 M - 3 potions of might {unknown}
 O - 3 potions of curing {unknown}
Comestibles
 d - 25 rations


   Skills:
 + Level 8.1 Fighting
 + Level 7.1 Maces & Flails
 - Level 6.0 Armour
 + Level 6.4 Dodging
 - Level 2.1 Stealth
 + Level 8.6 Spellcasting
 + Level 9.1 Conjurations
   Level 0.7 Transmutations
 * Level 6.1 Fire Magic
 + Level 11.2 Earth Magic
 + Level 6.6 Evocations


You had 6 spell levels left.
You knew the following spells:

 Your Spells              Type           Power        Failure   Level  Hunger
a - Sandblast             Erth           ######       1%          1    None
b - Stone Arrow           Conj/Erth      #####.       1%          3    None
c - Lee's Rapid Deconstr  Erth           ######....   1%          5    #####..
d - Conjure Flame         Conj/Fire      #####...     1%          3    None
e - Fireball              Conj/Fire      #####.....   3%          5    #####..
f - Bolt of Fire          Conj/Fire      #####.....   16%         6    ######.

Your spell library contained the following spells:

 Spells                   Type           Power        Failure   Level  Hunger
 Force Lance              Conj/Tloc      ####....     3%          4    ###....
 Passwall                 Tmut/Erth      ####....     1%          2    None
 Throw Frost              Conj/Ice       #####.       1%          2    None
 Freeze                   Ice            ##..         2%          1    None
 Ignite Poison            Fire/Tmut/Pois ###.....     2%          3    None
 Mephitic Cloud           Conj/Pois/Air  ###.....     2%          3    None
 Throw Icicle             Conj/Ice       #####...     3%          4    ###....
 Beastly Appendage        Tmut           ##....       6%          1    None
 Petrify                  Tmut/Erth      ####....     8%          4    ###....
 Animate Skeleton         Necr           N/A          9%          1    None
 Apportation              Tloc           #.....       9%          1    None
 Confusing Touch          Hex            #.....       9%          1    None
 Summon Small Mammal      Summ           #...         9%          1    None
 Sticks to Snakes         Tmut           ##......     10%         2    None
 Call Imp                 Summ           #.......     13%         2    None
 Poisonous Vapours        Pois/Air       #.....       13%         2    None
 Spider Form              Tmut/Pois      #.........   22%         3    None
 Call Canine Familiar     Summ           #.......     26%         3    None
 Ozocubu's Armour         Chrm/Ice       ##......     26%         3    None
 Summon Guardian Golem    Hex/Summ       #.......     26%         3    None
 Ice Form                 Ice/Tmut       ##......     58%         4    ###....
 Summon Ice Beast         Ice/Summ       ##......     65%         4    ###....
 Summon Lightning Spire   Summ/Air       #.......     65%         4    ###....
 Freezing Cloud           Conj/Ice/Air   ####......   65%         6    ######.
 Blade Hands              Tmut           ##........   87%         5    #####..
 Ring of Flames           Chrm/Fire      ###.......   100%        7    #######
 Ignition                 Fire           ####......   100%        8    #######


Dungeon Overview and Level Annotations

Branches:
Dungeon (9/15)             Temple (1/1) D:4            Lair (5/6) D:8
 Shoals (0/4) Lair:4       Spider (0/4) Lair:4        Slime (0/5) Lair:5
    Orc: D:9-12

Altars:
Ashenzari
Cheibriados
Dithmenos
Elyvilon
Fedhas
Gozag
Hepliaklqana
Kikubaaqudgha
Makhleb
Nemelex Xobeh
Okawaru
Qazlal
Ru
Sif Muna
Trog
Uskayaw
Vehumet
Wu Jian
Xom
Yredelemnul
Zin
The Shining One

Shops:
D:7 *   D:8 *


Innate Abilities, Weirdness & Mutations

You are resistant to torment.
Your stone body is resilient. (AC +9)
You are immune to poison.
You resist negative energy. (rN+)
You are resistant to electric shocks. (rElec)
You can survive without breathing.
You are immune to petrification.
You are immune to rotting.


Message History

You are very lightly contaminated with residual magic.
You are momentarily dazzled by a flash of light!
Casting: Conjure Flame (safe; 1% risk of failure)
Confirm with . or Enter, or press ? or * to list all spells.
You don't have enough magic to cast that spell.
The frost giant points at you and mumbles some strange words.
The bolt of cold hits you! You resist.
* * * LOW HITPOINT WARNING * * *
You feel very buoyant.
You fly up into the air.
The frost giant casts a spell at you. The bolt of cold hits you. You resist.
* * * LOW HITPOINT WARNING * * *
The frost giant points at you and mumbles some strange words.
The bolt of cold hits you! You resist.
* * * LOW HITPOINT WARNING * * *
You feel agile all of a sudden.
The frost giant gestures at you while chanting.
The bolt of cold hits you! You resist.
You die...

###..# ##...# ##.##
##...## #..## #...##
##..## ##..##
##..#≈≈##..##
##..##≈≈###÷.#
##..##≈≈####..####
##..##≈≈##.#....#.##
#..##≈≈##......@...##
#..#...#............##
##...##.......÷#.....##
####.......###.......#
##..#######.C.....#
#### ##........##
###.......###
#....C..### ##....###


You could see a frost giant.

Vanquished Creatures
  Harold (D:9)
  A hydra (Lair:3)
  A two-headed ogre (D:6)
  6 death yaks
  Pikel (D:8)
  Maurice (D:9)
  2 ice statues (IceCv)
  2 black mambas (Lair:3)
  10 spiny frogs
  6 komodo dragons
  The ghost of Sassenached the Skirmisher, an amateur DsWn (D:5)
  15 polar bears (IceCv)
  A hornet (D:9)
  A slime creature (Lair:5)
  5 hippogriffs
  A snapping turtle (Lair:4)
  A redback (Lair:4)
  A wyvern (Lair:3)
  A vampire (D:6)
  23 yaks
  5 basilisks
  5 water moccasins
  10 porcupines
  An ice beast (D:9)
  4 orc warriors
  5 black bears
  A hornet zombie (D:7)
  A phantom (D:5)
  An eye of draining (D:9)
  5 ogres
  15 wolves
  A centaur (D:9)
  7 crocodiles
  13 bullfrogs
  2 wyvern zombies (Ossuary)
  8 scorpions
  A water moccasin zombie (Ossuary)
  3 electric eels
  6 crimson imps
  2 centaur zombies (Ossuary)
  5 bullfrog zombies
  2 jellies (Lair:5)
  3 hounds
  2 bullfrog skeletons
  An orc priest (D:8)
  4 iguanas
  6 worker ants
  6 orc wizards
  2 killer bee zombies
  17 mummies
  4 hound zombies (Ossuary)
  A hound skeleton (D:4)
  A worker ant zombie (Ossuary)
  2 howler monkey skeletons
  2 howler monkey zombies (Ossuary)
  4 gnolls (D:6)
  13 adders
  2 shadow imps
  2 oozes
  3 adder zombies
  3 dart slugs
  4 worms
  5 leopard geckos
  31 orcs
  3 ball pythons
  4 giant cockroaches
  12 goblins
  10 hobgoblins
  13 jackals
  8 quokkas
  A ball python skeleton (D:5)
  13 bats
  2 frilled lizards (D:3)
  4 kobolds
  A leopard gecko skeleton (D:4)
  2 leopard gecko zombies
  2 quokka skeletons
  A quokka zombie (D:7)
  8 rats
386 creatures vanquished.

Vanquished Creatures (others)
  A wolf (IceCv)
  6 fungi
7 creatures vanquished.

Grand Total: 393 creatures vanquished

Notes
Turn   | Place    | Note
-------+----------+-------------------------------------------
     0 | D:1      | Bluemoon111 the Gargoyle Earth Elementalist began the quest
                  | for the Orb.
     0 | D:1      | Reached XP level 1. HP: 10/10 MP: 3/3
   333 | D:1      | Reached skill level 4 in Earth Magic
   333 | D:1      | Reached XP level 2. HP: 15/15 MP: 1/5
   608 | D:1      | Reached XP level 3. HP: 15/19 MP: 4/7
  1412 | D:2      | Learned a level 3 spell: Stone Arrow
  1581 | D:2      | Reached XP level 4. HP: 24/24 MP: 8/8
  2035 | D:3      | Reached skill level 1 in Conjurations
  2035 | D:3      | Reached skill level 5 in Earth Magic
  2075 | D:3      | Reached XP level 5. HP: 17/28 MP: 7/10
  2498 | D:3      | Found a sacrificial altar of Ru.
  2911 | D:4      | Reached XP level 6. HP: 16/32 MP: 8/11
  3094 | D:4      | Found a staircase to the Ecumenical Temple.
  3108 | Temple   | Entered the Ecumenical Temple
  3466 | D:4      | Reached skill level 6 in Earth Magic
  3943 | D:5      | Entered Level 5 of the Dungeon
  3952 | D:4      | Reached XP level 7. HP: 30/36 MP: 6/13
  4220 | D:5      | Found a runed translucent door.
  4228 | D:5      | Noticed Sassenached's ghost (amateur DsWn)
  4462 | D:5      | Reached skill level 7 in Earth Magic
  4499 | D:5      | Reached skill level 5 in Spellcasting
  4622 | D:5      | Found a shadowy altar of Dithmenos.
  4634 | D:5      | Reached XP level 8. HP: 31/42 MP: 3/15
  4844 | D:5      | Found a radiant altar of Vehumet.
  4846 | D:5      | Found a shattered altar of Ashenzari.
  4848 | D:5      | Found an ornate altar of the Wu Jian Council.
  4852 | D:5      | Became a worshipper of Vehumet
  4861 | D:5      | Found a glowing golden altar of the Shining One.
  5009 | D:5      | Killed Sassenached's ghost
  5009 | D:5      | Reached skill level 1 in Fighting
  5009 | D:5      | Reached skill level 1 in Maces & Flails
  5009 | D:5      | Reached skill level 1 in Armour
  5009 | D:5      | Reached skill level 1 in Evocations
  5115 | D:6      | Reached skill level 5 in Conjurations
  5223 | D:6      | Found a stormy altar of Qazlal.
  5334 | D:6      | Noticed a vampire
  5335 | D:6      | Noticed a two-headed ogre
  5345 | D:6      | HP: 2/44 [two-headed ogre/+0 giant club (28)]
  5346 | D:6      | Killed a two-headed ogre
  5346 | D:6      | Reached * piety under Vehumet
  5346 | D:6      | Offered knowledge of Magic Dart by Vehumet.
  5346 | D:6      | Reached skill level 8 in Earth Magic
  5346 | D:6      | Reached XP level 9. HP: 2/50 MP: 1/17
  6719 | D:7      | Found Illug's General Store.
  6731 | D:7      | Bought a scroll of identify for 28 gold pieces
  6918 | D:7      | Reached ** piety under Vehumet
  6918 | D:7      | Offered knowledge of Shock by Vehumet.
  6994 | D:7      | Found a blossoming altar of Fedhas.
  7165 | D:7      | Reached XP level 10. HP: 50/56 MP: 15/19
  7365 | D:8      | Found a sand-covered staircase.
  7372 | D:8      | Found Goymay's Assorted Antiques.
  7383 | D:8      | Bought a runed robe for 103 gold pieces
  7413 | Ossuary  | Entered an ossuary
  7447 | Ossuary  | Offered knowledge of Dazzling Spray by Vehumet.
  7591 | Ossuary  | Reached *** piety under Vehumet
  7699 | Ossuary  | Offered knowledge of Fulminant Prism by Vehumet.
  7865 | Ossuary  | Learned a level 5 spell: Lee's Rapid Deconstruction
  7981 | Ossuary  | Reached skill level 9 in Earth Magic
  8027 | D:8      | Noticed Pikel
  8320 | D:8      | Found a snail-covered altar of Cheibriados.
  8320 | D:8      | Found a shadowy altar of Dithmenos.
  8335 | D:8      | Found a staircase to the Lair.
  8761 | D:8      | Killed Pikel
  8761 | D:8      | Reached skill level 5 in Fighting
  8907 | D:9      | Reached skill level 5 in Armour
  9257 | D:9      | Noticed Harold
  9291 | D:9      | Reached XP level 11. HP: 64/64 MP: 15/21
  9399 | D:9      | Killed Harold
  9535 | D:9      | Reached **** piety under Vehumet
  9640 | D:9      | Noticed Maurice
  9644 | D:9      | Killed Maurice
  9746 | D:9      | Reached skill level 5 in Maces & Flails
  9919 | Lair:1   | Entered Level 1 of the Lair of Beasts
 10182 | Lair:1   | Offered knowledge of Venom Bolt by Vehumet.
 10803 | Lair:1   | Reached skill level 5 in Dodging
 11233 | Lair:2   | Reached skill level 5 in Evocations
 11406 | Lair:2   | You fall through a shaft!
 11423 | Lair:3   | Reached skill level 10 in Earth Magic
 11432 | Lair:3   | Noticed a six-headed hydra
 11446 | Lair:3   | Learned a level 3 spell: Conjure Flame
 11452 | Lair:3   | Learned a level 5 spell: Fireball
 11568 | Lair:3   | Killed a six-headed hydra
 11568 | Lair:3   | Reached skill level 1 in Fire Magic
 11882 | Lair:2   | Reached XP level 12. HP: 71/71 MP: 21/23
 13453 | Lair:4   | Noticed a death yak
 13453 | Lair:4   | Noticed a death yak
 13453 | Lair:4   | Noticed a death yak
 13455 | Lair:4   | Noticed a death yak
 13459 | Lair:4   | Noticed a death yak
 13459 | Lair:4   | Noticed a death yak
 13487 | Lair:3   | Killed a death yak
 13491 | Lair:3   | Killed a death yak
 13731 | Lair:3   | Killed a death yak
 13738 | Lair:3   | Killed a death yak
 13940 | Lair:4   | Killed a death yak
 14111 | Lair:4   | Found a hole to the Spider Nest.
 14369 | Lair:4   | Killed a death yak
 14671 | Lair:4   | Reached XP level 13. HP: 77/77 MP: 25/25
 14680 | Lair:4   | Reached skill level 5 in Fire Magic
 14682 | Lair:4   | Reached ***** piety under Vehumet
 14682 | Lair:4   | Offered knowledge of Force Lance by Vehumet.
 15091 | Lair:4   | Found a staircase to the Shoals.
 15209 | Lair:5   | Found a staircase to the Slime Pits.
 15214 | Lair:5   | Reached skill level 11 in Earth Magic
 15243 | Lair:5   | Found a frozen archway.
 15260 | IceCv    | Entered an ice cave
 16349 | IceCv    | Learned a level 6 spell: Bolt of Fire
 16785 | IceCv    | Noticed a frost giant
 16856 | IceCv    | HP: 3/78 [frost giant/bolt of cold (14)]
 16861 | IceCv    | Killed from afar by a frost giant

Skill      XL: |  1  2  3  4  5  6  7  8  9 10 11 12 13 |
---------------+----------------------------------------+-----
Earth Magic    | 4 5 6 7 8 9 10 11 | 11.2
Spellcasting   | 3 4 5 6 7 8 |  8.6
Conjurations   | 1 2 3 4 5 6 7 8 9 |  9.1
Fighting       | 3 5 6 7 8 |  8.1
Maces & Flails | 2 3 4 5 6 7 |  7.1
Armour         | 3 5 6 |  6.0
Dodging        | 3 4 5 6 |  6.4
Evocations     | 2 3 4 5 6 |  6.6
Fire Magic     | 1 4 6 |  6.1
Stealth        | |  2.1
Transmutations | |  0.7

Action                   |  1- 3 |  4- 6 |  7- 9 | 10-12 | 13-15 || total
-------------------------+-------+-------+-------+-------+-------++-------
Melee: Unarmed           |    24 |       |       |       |       ||    24
       Mace              |    76 |   165 |   218 |   197 |    87 ||   743
 Cast: Sandblast         |    28 |    45 |   100 |   225 |    29 ||   427
       Stone Arrow       |       |       |    39 |   183 |    81 ||   303
       Conjure Flame     |       |       |       |    20 |    19 ||    39
       Lee's Rapid Decon |       |       |       |    13 |     7 ||    20
       Bolt of Fire      |       |       |       |       |     1 ||     1
Evoke: Wand              |       |       |     1 |       |     5 ||     6
  Use: Scroll            |       |       |    15 |     2 |     1 ||    18
       Potion            |       |       |       |     1 |     5 ||     6
 Stab: Sleeping          |     6 |     2 |     6 |       |       ||    14
       Paralysed         |       |     2 |       |       |       ||     2
  Eat: Chunk             |     2 |     7 |    10 |    16 |     5 ||    40
       Ration            |       |       |     1 |     4 |     1 ||     6
Armor: Robe              |    57 |   125 |   176 |   264 |   115 ||   737
Dodge: Dodged            |    99 |   170 |   221 |   412 |   159 ||  1061
